AoeStats
← Chalini

Lombardia

510220013Analyzed
4v4 RM · 1d ago on Sep 30, 2026· 43m 57s· 8 players
Game mode
Random Map
Map size
Large (8 player)
Population
200
Speed
Normal
Resources
Standard
Victory
Conquest
Starting age
Dark Age
Ending age
Imperial Age
RankedLock teamsTeams togetherTeam positionsShared explorationLock speedFull tech treeHidden civsTurbo modeCheats
Victory
Defeat
🇺🇸 Magyars · United States
1217
+14
🇨🇳 Sicilians · China
1199
+15
🇲🇽 Slavs · Mexico
1169
+16
🇨🇳 Saracens · China
1143
+18
🇨🇱 Khmer · Chile
1199
-16
🇲🇽 Lithuanians · Mexico
1171
-16
🇨🇱 Italians · Chile
1171
-22
🇺🇸 Muisca · United States
1163
-15
Ponz
10:03 Feudal Age
14:16 Castle Age
12:50 Double-Bit Axe
12:45 Horse Collar
17:25 Loom
27:01 Fletching
28:46 Wheelbarrow
27:57 Town Watch
35:25 Imperial Age
35:12 Bodkin Arrow
37:14 Bracer
38:36 Chemistry
40:56 Bow Saw
monongahela
9:31 Loom
11:16 Feudal Age
16:12 Castle Age
14:20 Double-Bit Axe
16:13 Stone Mining
19:30 Fletching
20:46 Wheelbarrow
20:53 Bow Saw
23:16 Horse Collar
26:49 Hand Cart
27:12 Gold Mining
28:13 Padded Archer Armor
30:16 Bodkin Arrow
31:30 Heavy Plow
38:48 Imperial Age
37:39 Leather Archer Armor
38:38 Ballistics
41:16 Gold Shaft Mining
41:43 Two-Man Saw
41:14 Crop Rotation
41:20 Stone Shaft Mining
40:54 Scale Mail Armor
41:04 Forging
42:03 Chain Mail Armor
41:33 Elite Temple Guard
42:29 Squires
43:05 Iron Casting
TERRES300
10:44 Feudal Age
10:52 Loom
15:24 Castle Age
13:46 Stone Mining
14:01 Double-Bit Axe
15:14 Scale Barding Armor
20:05 Husbandry
22:40 Fervor
23:52 Bloodlines
24:11 Forging
24:57 Horse Collar
27:22 Chain Barding Armor
30:39 Iron Casting
31:24 Heavy Plow
32:27 Gold Mining
35:14 Wheelbarrow
37:44 Pikeman
38:25 Squires
41:11 Imperial Age
39:02 Hand Cart
39:05 Scale Mail Armor
39:44 Bow Saw
41:02 Stone Shaft Mining
41:09 Chain Mail Armor
42:12 Conscription
41:16 Cavalier
42:11 Halberdier
Chalini
10:01 Feudal Age
17:36 Castle Age
20:29 Bloodlines
20:28 Scale Barding Armor
20:34 Forging
21:30 Husbandry
26:41 Chain Barding Armor
28:22 Horse Collar
28:30 Double-Bit Axe
29:42 Iron Casting
39:04 Light Cavalry
41:28 Loom
Cochiloco2000
1:54 Loom
13:45 Feudal Age
18:26 Castle Age
16:36 Double-Bit Axe
17:20 Scale Mail Armor
17:40 Forging
19:11 Pikeman
22:15 Wheelbarrow
24:39 Squires
27:10 Chain Mail Armor
27:02 Scale Barding Armor
27:05 Man-at-Arms
33:35 Fletching
37:24 Imperial Age
35:25 Bodkin Arrow
36:06 Iron Casting
37:30 Halberdier
38:48 Conscription
41:29 Plate Mail Armor
42:00 Blast Furnace
42:31 Chain Barding Armor
42:22 Long Swordsman
Party Cannon
5:09 Loom
9:51 Feudal Age
11:43 Double-Bit Axe
12:20 Horse Collar
20:27 Castle Age
18:49 Fletching
20:04 Bloodlines
19:51 Gold Mining
21:02 Bodkin Arrow
21:09 Husbandry
22:41 Heavy Plow
23:06 Bow Saw
27:00 Wheelbarrow
29:06 Padded Archer Armor
30:06 Ballistics
30:38 Stone Mining
31:24 Gold Shaft Mining
30:42 Town Watch
31:33 Hand Cart
35:55 Imperial Age
33:41 Scale Barding Armor
37:18 Chain Barding Armor
36:25 Cavalier
37:56 Conscription
38:01 Paladin
40:01 Light Cavalry
41:36 Corvinian Army
42:46 Elite Magyar Huszar
飞鱼
0:48 Loom
11:47 Feudal Age
12:49 Gold Mining
16:07 Castle Age
14:51 Double-Bit Axe
16:32 Fletching
16:48 Crossbowman
18:42 Stone Mining
19:24 Bow Saw
20:05 Gold Shaft Mining
20:01 Bodkin Arrow
23:11 Ballistics
23:01 Padded Archer Armor
25:37 Wheelbarrow
24:48 Town Watch
25:44 Leather Archer Armor
25:32 Scale Mail Armor
33:30 Imperial Age
32:20 Horse Collar
33:52 Thumb Ring
34:02 Scale Barding Armor
35:27 Heavy Plow
36:07 Conscription
36:42 Elite Mameluke
38:02 Chain Barding Armor
39:44 Plate Barding Armor
39:24 Forging
41:13 Fortified Wall
43:17 Hand Cart
43:03 Town Patrol
xygogo
12:04 Feudal Age
12:51 Double-Bit Axe
12:47 Horse Collar
21:43 Castle Age
20:02 Gold Mining
23:20 Bow Saw
23:11 Heavy Plow
23:06 Stone Mining
24:40 Scale Barding Armor
25:53 Crossbowman
26:27 Fletching
27:20 Wheelbarrow
26:30 Town Watch
26:31 Loom
28:26 Town Watch
28:11 Crossbowman
28:49 Bodkin Arrow
29:41 Husbandry
29:52 Bloodlines
31:31 Chain Barding Armor
34:01 Forging
Connection lost

Rejoining the realm…

Still unreachable

The connection could not be restored.

Session expired

The server has moved on; the page needs a fresh start.